Map: Ever Dream LE

Players

uwuThermal (uThermal) - Winner!

  • Race: Terran Terran
  • League: Grandmaster
  • Spawn Location: 1:00

AqueroN

  • Race: Terran Terran
  • League: Grandmaster
  • Spawn Location: 7:00

Event: DreamHack SC2 Masters 2020 Fall

VOD

Have the link to the VOD?

Description

Time

  • Played on: Sept. 6, 2020, 2:07 p.m.
  • Length: 4:37

All games in this series

Show
View Real Time Build Order
Export as new Build Order

uwuThermal Terran - Winner!

Build Orders: 1/1/1, Liberator Opening 

Get SALT Encoding   

  12  0:00  SCV  
  13  0:12  SCV  
  14  0:17  Supply Depot  
  14  0:24  SCV  
  14  0:27  Refinery  
  15  0:38  SCV  
  16  0:44  Barracks  
  16  0:50  SCV  
  16  0:53  Refinery  
  17  1:03  SCV  
  18  1:15  SCV  
  19  1:31  Reaper, Orbital Command  
  20  1:36  Factory  
  20  1:46  Supply Depot  
  20  1:56  SCV  
  21  2:03  Reaper  
  22  2:08  SCV  
  23  2:20  Starport  
  23  2:21  SCV, Hellion  
  26  2:26  Supply Depot  
  26  2:35  SCV, Reaper  
  28  2:42  Hellion  
  31  2:57  Liberator  
  33  3:02  Supply Depot  
  33  3:03  Hellion  
  35  3:07  Reaper  
  36  3:22  Command Center  
  36  3:29  Hellion  
  37  3:43  Reaper  
  37  3:46  Starport Tech Lab  
  38  3:50  SCV  
  38  3:51  Hellion  
  41  4:07  SCV  
  39  4:16  Factory Tech Lab  
  38  4:19  Barracks Reactor, SCV  
Show
View Real Time Build Order
Export as new Build Order

AqueroN Terran 

Build Orders:  

Get SALT Encoding   

  12  0:00  SCV  
  13  0:12  SCV  
  14  0:16  Supply Depot  
  14  0:24  SCV  
  14  0:27  Refinery  
  15  0:38  SCV  
  16  0:43  Barracks  
  16  0:50  SCV  
  17  0:57  Refinery  
  17  1:02  SCV  
  18  1:14  SCV  
  19  1:30  Orbital Command  
  19  1:31  Reaper  
  20  1:34  Factory  
  20  1:44  Supply Depot  
  20  1:56  SCV  
  21  2:03  Reaper  
  21  2:08  SCV  
  23  2:19  Hellion  
  23  2:20  SCV  
  26  2:29  Command Center  
  26  2:32  SCV  
  26  2:35  Reaper  
  28  2:37  Supply Depot  
  28  2:41  Hellion  
  30  2:44  SCV  
  31  2:52  Starport  
  31  2:58  SCV  
  31  3:04  Factory Tech Lab  
  32  3:08  Barracks Reactor  
  32  3:10  SCV  
  33  3:18  Refinery  
  33  3:22  SCV  
  33  3:23  Cyclone  
  37  3:29  Starport Tech Lab  
  37  3:35  SCV  
  37  3:40  Orbital Command  
  38  3:44  Supply Depot  
  38  3:47  SCV  
  38  3:48  Marine x2  
  40  3:51  Raven  
  28  4:15  Marine  

Tags
 
Add a new tag
Caveats
  • Supply blocks, unpowered buildings, or Contaminate may cause inaccurate times.
  • Supply counts are checked every 10 seconds.